General information
- name: BNet
- type: Ladder team game (AT/RT)
- host: Battle.net
- saver: BloodAndTears
map: GolemsInTheMist
- players: 8
- length: 37:33
- speed: Fast
- version: 1.26 W3XP
- replay type: Public
» download(198 KB)
Players
team 1 (winner)

»
NlGGERIFIC (
pink | 49 APM | 756 actions | 15:17)
2 Far Seer
1 Feral Spirit
1 Chain Lighting
» actions
| Assign group hotkey | 33 | |
| Basic commands | 24 | |
| Build / train | 96 | |
| Enter build submenu | 13 | |
| Enter hero's abilities submenu | 2 | |
| Give item / drop item | 1 | |
| Right click | 265 | |
| Select / deselect | 139 | |
| Select group hotkey | 109 | |
| Use ability | 74 | |
756 total
» units
| Peon | 12 | |
| Grunt | 10 | |
| Raider | 10 | |
| Shaman | 6 | |
| Troll Batrider | 4 | |
42 total
» upgrades
| Pillage | 1 | |
| Melee Weapons | 3 | |
| Armor | 1 | |
| Berserker Strength | 1 | |
| Shaman Training | 2 | |
| Ensnare | 1 | |
9 total
» buildings
| Orc Burrow | 6 | |
| Altar of Storms | 1 | |
| Barracks | 1 | |
| Voodoo Lounge | 1 | |
| War Mill | 1 | |
| Stronghold | 2 | |
| Fortress | 3 | |
| Spirit Lodge | 1 | |
| Beastiary | 2 | |
18 total
» build order
00:23 Orc Burrow
00:35 Altar of Storms
01:06 Barracks
01:31 Orc Burrow
02:10 Voodoo Lounge
02:48 Orc Burrow
04:31 War Mill
05:41 Stronghold
05:41 Stronghold
05:48 Orc Burrow
07:53 Orc Burrow
08:08 Fortress
08:08 Fortress
08:09 Fortress
08:11 Spirit Lodge
08:15 Beastiary
09:07 Beastiary
09:12 Orc Burrow
» items
| Healing Salve | 3 | |
| Scroll of Town Portal | 4 | |
| Scroll of Speed | 4 | |
| Potion of Healing | 9 | |
20 total

»
Tomatoes (
teal | 3 APM | 104 actions | 31:28)
» actions
| Basic commands | 16 | |
| Build / train | 11 | |
| Enter build submenu | 5 | |
| Right click | 17 | |
| Select / deselect | 47 | |
| Use ability | 8 | |
104 total
» units
» buildings
| Orc Burrow | 3 | |
| Stronghold | 1 | |
| Altar of Storms | 1 | |
| War Mill | 1 | |
6 total
» build order
00:21 Orc Burrow
02:04 Stronghold
02:20 Altar of Storms
03:25 Orc Burrow
03:40 Orc Burrow
03:45 War Mill
Man.Child.Abuse (
orange | 95 APM | 3556 actions | 37:33)
8 Blood Mage
3 Flame Strike
3 Siphon Mana
1 Summon Phoenix
1 Banish
» actions
| Assign group hotkey | 112 | |
| Basic commands | 174 | |
| Build / train | 245 | |
| ESC pressed | 25 | |
| Enter build submenu | 64 | |
| Enter hero's abilities submenu | 8 | |
| Give item / drop item | 1 | |
| Remove unit from queue | 9 | |
| Right click | 1316 | |
| Select / deselect | 516 | |
| Select group hotkey | 822 | |
| Use ability | 264 | |
3556 total
» units
| Peasant | 18 | |
| Footman | 4 | |
| Rifleman | 6 | |
| Goblin Shredder | 9 | |
| Sorceress | 1 | |
| Mortar Team | 2 | |
| Goblin Zeppelin | 3 | |
| Flying Machine | 1 | |
| Dragonhawk Rider | 9 | |
| Priest | 2 | |
| Gryphon Rider | 1 | |
56 total
» upgrades
| Gunpowder | 3 | |
| Armor | 4 | |
| Plating | 4 | |
| Masonry | 3 | |
| Lumber Harvesting | 2 | |
| Sorceress Training | 2 | |
| Swords | 3 | |
| Barrage | 1 | |
| Animal War Training | 1 | |
| Cloud | 1 | |
| Storm Hammers | 1 | |
| Magic Sentry | 1 | |
| Backpack | 1 | |
| Flak Cannons | 1 | |
| Priest Training | 2 | |
| Control Magic | 1 | |
| Fragmentation Shards | 1 | |
| Flare | 1 | |
33 total
» buildings
| Barracks | 1 | |
| Altar of Kings | 2 | |
| Farm | 14 | |
| Arcane Vault | 1 | |
| Blacksmith | 2 | |
| Town Hall | 5 | |
| Keep | 8 | |
| Scout Tower | 33 | |
| Lumber Mill | 1 | |
| Arcane Tower | 2 | |
| Guard Tower | 61 | |
| Workshop | 1 | |
| Arcane Sanctum | 2 | |
| Castle | 3 | |
| Gryphon Aviary | 4 | |
140 total
» build order
00:53 Barracks
00:55 Altar of Kings
00:57 Farm
01:07 Farm
01:41 Farm
02:30 Arcane Vault
02:35 Farm
02:46 Blacksmith
02:48 Blacksmith
03:38 Farm
05:09 Town Hall
05:59 Keep
05:59 Keep
06:10 Scout Tower
06:12 Scout Tower
06:19 Lumber Mill
07:54 Arcane Tower
07:54 Arcane Tower
07:54 Guard Tower
08:58 Guard Tower
08:59 Guard Tower
09:00 Guard Tower
09:00 Guard Tower
09:01 Guard Tower
09:01 Guard Tower
09:02 Guard Tower
09:23 Workshop
09:53 Arcane Sanctum
09:57 Arcane Sanctum
10:05 Town Hall
10:06 Scout Tower
10:09 Scout Tower
10:11 Scout Tower
10:13 Scout Tower
10:36 Guard Tower
10:36 Guard Tower
10:39 Scout Tower
10:41 Scout Tower
10:41 Guard Tower
10:41 Guard Tower
10:42 Guard Tower
10:42 Guard Tower
10:44 Scout Tower
10:44 Guard Tower
10:44 Guard Tower
10:46 Scout Tower
10:55 Scout Tower
10:57 Scout Tower
11:00 Scout Tower
11:12 Guard Tower
11:12 Guard Tower
11:37 Guard Tower
11:37 Guard Tower
12:00 Guard Tower
12:00 Guard Tower
12:00 Guard Tower
12:04 Scout Tower
12:06 Scout Tower
12:06 Scout Tower
12:38 Guard Tower
12:38 Guard Tower
12:44 Farm
12:51 Scout Tower
12:52 Scout Tower
12:53 Scout Tower
12:57 Scout Tower
12:58 Scout Tower
12:59 Scout Tower
13:00 Scout Tower
13:01 Scout Tower
13:05 Guard Tower
13:31 Farm
13:35 Guard Tower
14:06 Guard Tower
14:06 Guard Tower
14:12 Castle
14:12 Castle
14:22 Guard Tower
14:22 Guard Tower
14:31 Gryphon Aviary
14:52 Gryphon Aviary
15:20 Guard Tower
15:21 Guard Tower
15:21 Guard Tower
15:26 Scout Tower
15:27 Scout Tower
15:28 Scout Tower
15:30 Scout Tower
15:30 Scout Tower
15:31 Scout Tower
15:31 Scout Tower
15:32 Scout Tower
15:33 Scout Tower
16:08 Guard Tower
16:08 Guard Tower
16:09 Guard Tower
17:09 Guard Tower
18:14 Farm
18:19 Farm
18:21 Farm
18:28 Farm
18:37 Farm
18:40 Farm
18:45 Farm
18:53 Gryphon Aviary
18:58 Gryphon Aviary
20:21 Town Hall
22:35 Altar of Kings
23:48 Town Hall
24:03 Guard Tower
24:04 Guard Tower
24:04 Guard Tower
28:10 Town Hall
29:16 Keep
29:16 Keep
29:16 Keep
» items
| Scroll of Regeneration | 7 | |
| Mechanical Critter | 4 | |
| Scroll of Town Portal | 3 | |
| Ivory Tower | 4 | |
| Staff of Sanctuary | 1 | |
| Orb of Fire | 2 | |
21 total

»
daniloabc (
yellow | 52 APM | 1256 actions | 24:07)
3 Priestess of the Moon
2 Trueshot Aura
1 Scout
» actions
| Basic commands | 40 | |
| Build / train | 52 | |
| Enter build submenu | 31 | |
| Enter hero's abilities submenu | 3 | |
| Remove unit from queue | 14 | |
| Right click | 628 | |
| Select / deselect | 421 | |
| Use ability | 67 | |
1256 total
» units
| Wisp | 25 | |
| Huntress | 8 | |
| Goblin Shredder | 2 | |
35 total
» upgrades
| Ultravision | 1 | |
| Moon Armor | 1 | |
| Strength of the Wild | 1 | |
| Reinforced Hides | 1 | |
| Strength of the Moon | 1 | |
5 total
» buildings
| Altar of Elders | 4 | |
| Moon Well | 12 | |
| Ancient of Wonders | 2 | |
| Ancient of War | 3 | |
| Hunter's Hall | 1 | |
| Ancient Protector | 3 | |
| Tree of Ages | 2 | |
| Tree of Life | 3 | |
30 total
» build order
00:08 Altar of Elders
00:11 Altar of Elders
00:20 Moon Well
00:56 Ancient of Wonders
01:36 Ancient of War
02:05 Hunter's Hall
02:27 Ancient of War
03:03 Moon Well
03:03 Moon Well
04:15 Ancient Protector
04:19 Moon Well
06:21 Ancient Protector
08:39 Tree of Ages
08:39 Tree of Ages
10:04 Tree of Life
10:16 Ancient Protector
12:29 Moon Well
12:30 Moon Well
14:23 Moon Well
14:37 Tree of Life
17:26 Ancient of War
17:36 Altar of Elders
17:47 Moon Well
17:48 Moon Well
19:08 Moon Well
19:08 Moon Well
20:26 Tree of Life
20:33 Moon Well
20:35 Altar of Elders
21:00 Ancient of Wonders
team 2 (loser)

»
PPPseanbrown (
purple | 38 APM | 1416 actions | 37:19)
5 Demon Hunter
3 Evasion
2 Mana Burn
3 Warden
2 Shadow Strike
1 Blink
» actions
| Assign group hotkey | 19 | |
| Basic commands | 162 | |
| Build / train | 80 | |
| ESC pressed | 3 | |
| Enter build submenu | 23 | |
| Enter hero's abilities submenu | 8 | |
| Right click | 316 | |
| Select / deselect | 371 | |
| Select group hotkey | 344 | |
| Use ability | 90 | |
1416 total
» units
| Wisp | 23 | |
| Archer | 16 | |
| Hippogryph | 4 | |
| Chimaera | 9 | |
| Goblin Sapper | 6 | |
58 total
» upgrades
| Improved Bows | 1 | |
| Strength of the Moon | 1 | |
| Druid of the Talon Training | 1 | |
| Strength of the Wild | 2 | |
| Reinforced Hides | 1 | |
| Corrosive Breath | 1 | |
7 total
» buildings
| Altar of Elders | 1 | |
| Ancient of War | 1 | |
| Moon Well | 8 | |
| Ancient of Wonders | 1 | |
| Tree of Ages | 2 | |
| Tree of Life | 3 | |
| Hunter's Hall | 1 | |
| Tree of Eternity | 2 | |
| Ancient of Wind | 1 | |
| Chimaera Roost | 3 | |
| Ancient Protector | 3 | |
26 total
» build order
00:31 Altar of Elders
00:37 Ancient of War
00:45 Moon Well
01:32 Ancient of Wonders
01:56 Moon Well
02:33 Moon Well
03:42 Tree of Ages
04:46 Tree of Life
05:06 Moon Well
05:25 Hunter's Hall
06:02 Moon Well
06:34 Tree of Eternity
07:18 Ancient of Wind
09:31 Moon Well
10:37 Chimaera Roost
10:39 Chimaera Roost
10:40 Chimaera Roost
12:23 Moon Well
13:35 Tree of Life
13:54 Tree of Ages
14:23 Ancient Protector
16:27 Ancient Protector
20:22 Tree of Eternity
20:43 Ancient Protector
24:07 Moon Well
26:33 Tree of Life
» items
BloodAndTears (
green | 42 APM | 1577 actions | 37:33)
6 Blademaster
3 Wind Walk
3 Critical Strike
» actions
| Assign group hotkey | 39 | |
| Basic commands | 323 | |
| Build / train | 70 | |
| Enter build submenu | 47 | |
| Enter hero's abilities submenu | 6 | |
| Give item / drop item | 3 | |
| Remove unit from queue | 10 | |
| Right click | 500 | |
| Select / deselect | 337 | |
| Select group hotkey | 109 | |
| Use ability | 133 | |
1577 total
» units
| Peon | 8 | |
| Grunt | 7 | |
| Goblin Shredder | 5 | |
| Wind Rider | 11 | |
| Goblin Sapper | 4 | |
35 total
» upgrades
| Ranged Weapons | 3 | |
| Armor | 3 | |
| Envenomed Spears | 1 | |
| Reinforced Defenses | 1 | |
8 total
» buildings
| Orc Burrow | 8 | |
| Altar of Storms | 1 | |
| Barracks | 1 | |
| Voodoo Lounge | 1 | |
| War Mill | 2 | |
| Stronghold | 1 | |
| Watch Tower | 28 | |
| Great Hall | 2 | |
| Fortress | 1 | |
| Beastiary | 6 | |
51 total
» build order
00:13 Orc Burrow
00:51 Altar of Storms
00:52 Barracks
01:09 Orc Burrow
01:44 Voodoo Lounge
02:40 War Mill
04:04 Orc Burrow
04:48 Stronghold
04:51 Watch Tower
05:15 Watch Tower
05:25 Watch Tower
06:04 Watch Tower
06:26 Great Hall
06:55 Watch Tower
06:55 Watch Tower
06:56 Watch Tower
07:47 Watch Tower
09:08 Fortress
09:22 Watch Tower
09:23 Watch Tower
09:25 Watch Tower
09:26 Watch Tower
09:27 Watch Tower
09:28 Watch Tower
11:41 Watch Tower
11:42 Watch Tower
11:43 Watch Tower
17:22 Great Hall
17:34 Watch Tower
17:34 Watch Tower
17:35 Watch Tower
17:35 Watch Tower
17:36 Watch Tower
17:36 Watch Tower
17:36 Watch Tower
17:37 Watch Tower
17:38 Watch Tower
17:38 Watch Tower
17:39 Watch Tower
18:04 Beastiary
18:08 Beastiary
18:10 Beastiary
18:17 War Mill
18:20 Beastiary
18:23 Beastiary
18:29 Beastiary
19:34 Orc Burrow
19:36 Orc Burrow
19:39 Orc Burrow
19:44 Orc Burrow
19:50 Orc Burrow
» items
| Healing Salve | 4 | |
| Scroll of Town Portal | 3 | |
| Orb of Lightning | 1 | |
8 total

»
chezit22 (
red | 36 APM | 1113 actions | 30:47)
4 Demon Hunter
2 Evasion
2 Mana Burn
4 Priestess of the Moon
2 Trueshot Aura
2 Searing Arrows
» actions
| Basic commands | 12 | |
| Build / train | 73 | |
| Enter build submenu | 25 | |
| Enter hero's abilities submenu | 8 | |
| Right click | 624 | |
| Select / deselect | 330 | |
| Use ability | 41 | |
1113 total
» units
| Wisp | 25 | |
| Archer | 2 | |
| Huntress | 2 | |
| Chimaera | 5 | |
| Hippogryph | 10 | |
44 total
» upgrades
| Strength of the Wild | 3 | |
| Reinforced Hides | 3 | |
| Corrosive Breath | 1 | |
| Well Spring | 1 | |
| Ultravision | 1 | |
| Strength of the Moon | 1 | |
| Moon Armor | 1 | |
| Marksmanship | 1 | |
| Improved Bows | 1 | |
| Sentinel | 1 | |
| Upgrade Moon Glaive | 1 | |
| Vorpal Blades | 1 | |
16 total
» buildings
| Altar of Elders | 1 | |
| Moon Well | 11 | |
| Ancient of War | 1 | |
| Tree of Ages | 2 | |
| Hunter's Hall | 1 | |
| Tree of Eternity | 1 | |
| Ancient of Wind | 3 | |
| Chimaera Roost | 2 | |
| Ancient of Wonders | 1 | |
| Tree of Life | 2 | |
| Ancient Protector | 1 | |
26 total
» build order
00:14 Altar of Elders
00:18 Moon Well
00:41 Ancient of War
01:45 Moon Well
01:56 Moon Well
02:44 Tree of Ages
02:44 Tree of Ages
03:47 Hunter's Hall
04:14 Moon Well
05:07 Tree of Eternity
05:33 Ancient of Wind
07:56 Chimaera Roost
08:39 Moon Well
08:40 Moon Well
08:44 Chimaera Roost
09:12 Ancient of Wonders
09:45 Moon Well
16:22 Tree of Life
16:27 Tree of Life
20:52 Ancient Protector
22:35 Ancient of Wind
22:37 Ancient of Wind
25:30 Moon Well
25:31 Moon Well
25:33 Moon Well
25:35 Moon Well
rizzness (
blue | 30 APM | 827 actions | 27:53)
5 Demon Hunter
3 Mana Burn
2 Evasion
» actions
| Basic commands | 4 | |
| Build / train | 63 | |
| Enter build submenu | 36 | |
| Enter hero's abilities submenu | 5 | |
| Remove unit from queue | 1 | |
| Right click | 396 | |
| Select / deselect | 275 | |
| Use ability | 47 | |
827 total
» units
| Wisp | 13 | |
| Huntress | 7 | |
| Archer | 10 | |
| Hippogryph | 10 | |
| Chimaera | 7 | |
47 total
» upgrades
| Strength of the Moon | 1 | |
| Moon Armor | 1 | |
| Improved Bows | 1 | |
| Hippogryph Taming | 1 | |
| Corrosive Breath | 1 | |
5 total
» buildings
| Ancient of War | 1 | |
| Hunter's Hall | 1 | |
| Moon Well | 13 | |
| Altar of Elders | 1 | |
| Tree of Ages | 1 | |
| Ancient of Wind | 1 | |
| Ancient Protector | 1 | |
| Tree of Eternity | 1 | |
| Ancient of Wonders | 1 | |
| Chimaera Roost | 1 | |
| Tree of Life | 2 | |
24 total
» build order
00:13 Ancient of War
00:42 Hunter's Hall
01:26 Moon Well
01:45 Altar of Elders
02:04 Moon Well
03:08 Moon Well
05:14 Tree of Ages
05:53 Moon Well
06:57 Moon Well
07:09 Moon Well
08:44 Ancient of Wind
08:49 Ancient Protector
08:56 Tree of Eternity
10:51 Moon Well
11:02 Ancient of Wonders
11:41 Moon Well
12:06 Moon Well
13:13 Chimaera Roost
13:45 Moon Well
17:42 Moon Well
20:18 Tree of Life
20:21 Moon Well
21:21 Moon Well
24:36 Tree of Life
» items
Chat log
(00:08 / Allies) PPPseanbrown: dh arch chim
(00:12 / All) Man.Child.Abuse: NIGGERIFIC and Tomatoes
(00:15 / All) Man.Child.Abuse: I am already fond of this game
(00:32 / All) NlGGERIFIC: right man child
(00:43 / All) Man.Child.Abuse: I'm a manchild abuser
(01:01 / All) NlGGERIFIC: right on
(01:06 / Allies) rizzness: i was gonna build hippo and chims
(01:16 / Allies) rizzness: and hunt
(01:20 / All) Tomatoes: LAS VEGAS SUCKS
(01:30 / All) Tomatoes: DUBAI RULES
(03:32 / All) Tomatoes: i love to smell boys feet
(03:35 / All) Tomatoes: between 6 - 12
(03:44 / All) NlGGERIFIC: i like stuff too
(03:55 / Allies) rizzness: so i build hippo?
(03:59 / Allies) PPPseanbrown: sure
(05:42 / Allies) PPPseanbrown: all dh ha
(07:42 / Allies) rizzness: red?
(07:45 / Allies) chezit22: plz
(08:03 / Allies) rizzness: stuck
(08:11 / Allies) BloodAndTears: auto moonwells
(08:24 / Allies) rizzness: wow
(09:05 / Allies) chezit22: these guys suck
(10:18 / All) Tomatoes: GG
(10:18 / All) Tomatoes: TK
(10:22 / All) Tomatoes: ADDED YL
(10:26 / All) Tomatoes: TO MY TK LIST
(10:32 / All) Tomatoes: IM EATING BREAKFAST MOFO
(10:33 / All) Tomatoes: FUCK U
(12:35 / Allies) PPPseanbrown: care
(13:16 / Allies) BloodAndTears: mass repair
(13:40 / Allies) rizzness: meet
(14:21 / Allies) BloodAndTears: hit the burrwos
(14:24 / Allies) BloodAndTears: hit and run on the burrwos
(14:43 / Allies) BloodAndTears: hit and run burrwos
(15:03 / Allies) BloodAndTears: hit and run burrwos
(15:17 / Allies) BloodAndTears: chims hall
(16:52 / All) Man.Child.Abuse: wtf I had invis
(16:57 / All) PPPseanbrown: ha u blow
(17:05 / All) Man.Child.Abuse: Yeah and you lost
(17:13 / All) PPPseanbrown: lol
(17:46 / All) BloodAndTears: I had 6 peons on gold mine all game
(17:52 / All) PPPseanbrown: lol
(17:55 / All) daniloabc: teal too
(18:08 / All) daniloabc: but u use Bm
(18:11 / All) daniloabc: teal no hero
(18:30 / Allies) BloodAndTears: lumber
(18:37 / All) daniloabc: oj 4,5 k gold
(18:57 / Allies) BloodAndTears: lumber
(20:17 / All) Man.Child.Abuse: chimbots
(20:34 / Allies) rizzness: lets attack
(20:44 / All) daniloabc: i win red
(20:46 / All) daniloabc: lol
(21:01 / All) Man.Child.Abuse: No
(21:02 / All) Man.Child.Abuse: I win
(21:04 / All) Man.Child.Abuse: You got raped
(21:06 / Allies) rizzness: lol
(21:27 / All) PPPseanbrown: u blow oj
(21:31 / All) PPPseanbrown: suck a dick
(21:41 / All) Man.Child.Abuse: Still beat your shitty ass
(22:20 / All) chezit22: WOW GREEN
(22:25 / All) Man.Child.Abuse: RAPED
(22:42 / All) Man.Child.Abuse: KILLED BY SHREDDER
(22:43 / All) Man.Child.Abuse: LOL
(23:06 / Allies) rizzness: gold for lumb
(23:12 / Allies) chezit22: blue take out green
(23:33 / Allies) rizzness: wtf
(23:43 / Allies) chezit22: hes tking
(24:16 / Allies) rizzness: so lame
(24:25 / All) BloodAndTears: Can't touch this, bitches
(24:35 / All) Man.Child.Abuse: First time I ever see a decent leveled DH killed by a shredder
(24:46 / All) chezit22: oj no one cares
(24:50 / All) Man.Child.Abuse: I do
(24:52 / All) PPPseanbrown: green was tking yea fuck off oj
(24:57 / All) Man.Child.Abuse: You are 106-110 now red
(25:04 / All) Man.Child.Abuse: Yeah and guess why he is?
(25:08 / Allies) rizzness: end this
(25:16 / All) Man.Child.Abuse: Because you clowns suck and we were in it from the start
(25:18 / All) Man.Child.Abuse: The show's rigged pal
(25:25 / All) Man.Child.Abuse: You're a prop and now you're being thrown out
(25:34 / Allies) rizzness: cmon green
(25:39 / Allies) rizzness: plz
(25:43 / Allies) BloodAndTears: Plz what?
(25:46 / Allies) rizzness: stop
(25:50 / Allies) BloodAndTears: Stop what?
(25:56 / Allies) rizzness: attacking me
(26:24 / Allies) BloodAndTears: What are you gonna do about it?
(26:30 / Allies) rizzness: nothing
(26:32 / Allies) rizzness: i cant
(26:38 / All) PPPseanbrown: yea ur a faggot green
(26:41 / Allies) BloodAndTears: I run the show
(26:45 / All) Man.Child.Abuse: At least I'm a WINNER!
(26:47 / All) Man.Child.Abuse: Because I won the game
(26:48 / Allies) BloodAndTears: I'm the man
(26:49 / All) PPPseanbrown: yea and your a pussy
(26:58 / Allies) BloodAndTears: I can just make a million more
(27:35 / All) Man.Child.Abuse: You may want to focus the peasants, purple
(27:41 / All) Man.Child.Abuse: Humans have an ability called repair
(27:45 / All) Man.Child.Abuse: It restores the hit points on structures
(28:01 / All) Man.Child.Abuse: Now I'm level 6
(28:03 / All) Man.Child.Abuse: Good work
(29:00 / Allies) BloodAndTears: You're weak
(29:04 / Allies) BloodAndTears: Fucking worm
(29:09 / All) chezit22: ur cool'
(29:15 / Allies) BloodAndTears: The coolest of the cool
(29:17 / All) PPPseanbrown: yea green ur so cool pussy
(29:19 / Allies) BloodAndTears: You're whack
(29:28 / Allies) BloodAndTears: I'm the pussy?
(29:34 / Allies) BloodAndTears: I have all my troops
(29:36 / Allies) PPPseanbrown: yep
(29:38 / Allies) BloodAndTears: You ain't got jack, bitch
(29:44 / Allies) BloodAndTears: Level 3
(29:44 / All) PPPseanbrown: i wonder why?
(29:49 / Allies) BloodAndTears: Little chump bitch
(29:52 / Allies) PPPseanbrown: lvl 5 dh
(29:59 / Allies) PPPseanbrown: that you killed 3 times
(30:03 / Allies) BloodAndTears: Yeah
(30:05 / Allies) BloodAndTears: Cuz I'm the man
(30:10 / Allies) BloodAndTears: I call the shots
(30:17 / Allies) PPPseanbrown: your moms a nigger fucking whore
(30:21 / Allies) PPPseanbrown: eat a dick pussy
(30:29 / Allies) BloodAndTears: you saying you got raped by a niggeR?
(30:42 / All) Man.Child.Abuse: Not enough AA, buddy
(30:44 / All) chezit22: niggers are usually rapists
(30:47 / All) Man.Child.Abuse: Just free XP to me
(30:47 / All) Tomatoes: LOL
(30:50 / All) Tomatoes: YELLOW SUCKS
(30:51 / All) BloodAndTears: Purple got raped by a nigger
(30:51 / Allies) PPPseanbrown: im saying that whore mother of yours takes that dirty nigger dick ass to mouth
(30:58 / All) Tomatoes: ROFL
(30:58 / Allies) BloodAndTears: So do you
(30:59 / All) Tomatoes: ROFL
(31:01 / All) Tomatoes: YELLOW LOST
(31:02 / All) Tomatoes: AHAHAHAHAHAH
(31:06 / All) PPPseanbrown: blood and tears when your mom takes nigger dick
(31:10 / Allies) BloodAndTears: How tastes my nigger dick?
(31:25 / All) PPPseanbrown: yea nice english dumb fuck
(31:26 / All) Man.Child.Abuse: Teal and purple
(31:27 / Allies) BloodAndTears: How tastes my big nigger peepee?
(31:29 / All) Man.Child.Abuse: How badly do you want the win?
(31:30 / All) Man.Child.Abuse: Oh
(31:33 / All) Man.Child.Abuse: Nevermind
(31:35 / All) Man.Child.Abuse: You lose, purple
(31:50 / All) PPPseanbrown: i could give a fuck
(31:57 / All) PPPseanbrown: the game that was actually played is over
(32:05 / All) Man.Child.Abuse: I know you can take one but I don't see you ever giving
(32:19 / All) PPPseanbrown: i could give a fuck about a record on an account that costs nothing, on a 12 year old game
(32:29 / All) PPPseanbrown: im telling this pussy about his nigger fucking whore mother
(32:35 / All) PPPseanbrown: only reason im still here
(32:44 / All) BloodAndTears: Why are you sniveling? Suck it up and dry those tears you little pansy
(32:47 / All) Man.Child.Abuse: Are you sure 22-22 didn't cost you anything? It seems better than you should have been able to get, maybe you got it off a
(32:49 / All) Man.Child.Abuse: marketplace?
(33:07 / All) PPPseanbrown: aww man WC3 shit talk!!!!!
(33:12 / All) PPPseanbrown: NO!!!! DONT!!!!!
(33:19 / All) PPPseanbrown: i dont get your jokes fagot
(33:20 / All) BloodAndTears: Why are you mad tho?
(33:24 / All) PPPseanbrown: your mom fucks niggers too
(33:29 / All) PPPseanbrown: youre all fucking losers
(33:31 / All) BloodAndTears: You fuck niggers
(33:44 / All) PPPseanbrown: my friend was playing this game and told me to talk shit to pussies, so i am
(33:47 / All) BloodAndTears: I just had my way with you how taste my big nigger peepee?
(33:54 / All) Man.Child.Abuse: What's your friend's AKA?
(33:59 / All) PPPseanbrown: Learn english dumb fuck
(34:12 / All) PPPseanbrown: who the fuck knows faggot
(34:14 / All) PPPseanbrown: fuck you
(34:25 / All) PPPseanbrown: what are you going to look up those records?
(34:28 / All) PPPseanbrown: what a fucking loser
(34:46 / All) PPPseanbrown: i cant tell whos the bigger fucking loser, the douch who tks
(34:57 / All) PPPseanbrown: or the douche who thinks a win off a tk means anything
(35:02 / All) PPPseanbrown: you both suck cock at life
(35:06 / All) PPPseanbrown: die of cancer
(35:08 / All) Man.Child.Abuse: It means a lot to me
(35:12 / All) Man.Child.Abuse: I need the win
(35:17 / All) Man.Child.Abuse: I need to go 1-0 to join a clan
(35:21 / All) Man.Child.Abuse: They need high win rates
(35:23 / All) PPPseanbrown: yea you got man child abused and now your stuck in moms basement
(35:26 / All) Man.Child.Abuse: and I'll be 100% now
(35:35 / All) Man.Child.Abuse: You misunderstand
(35:39 / All) Man.Child.Abuse: I abuse manchildren
(35:42 / All) Man.Child.Abuse: I'm not abused personally
(35:50 / All) Man.Child.Abuse: You got pretty roughed up this game after all
(35:56 / All) PPPseanbrown: you were abused in your asshole
(36:01 / All) PPPseanbrown: dont lie
(36:09 / All) PPPseanbrown: we all no the truth
(36:19 / All) Man.Child.Abuse: I'm sure you've seen a lot of assholes to recognise that, punk
(36:19 / All) PPPseanbrown: thats why your in moms basement, probably a grown ass man
(36:27 / All) PPPseanbrown: looking up WC3 records
(36:31 / All) PPPseanbrown: your a fucking fag kid
(36:33 / All) Man.Child.Abuse: It's called /stats
(36:37 / All) PPPseanbrown: die, of cancer
(36:47 / All) Man.Child.Abuse: What type of cancer?
(36:50 / All) Man.Child.Abuse: You should be specific
(36:52 / All) BloodAndTears: Purple is the biggest crybaby queer I've ever seen
(37:01 / All) PPPseanbrown: tell your friends, if you have any, that you actually have someone on earth rooting for you to die of cancer
(37:05 / All) Man.Child.Abuse: A niggerfucker too
(37:12 / All) PPPseanbrown: no thats your whore mother
(37:22 / All) Man.Child.Abuse: lawl
(37:27 / All) BloodAndTears: me team lose
(37:31 / All) Man.Child.Abuse: kk